 Dungeon Crawl Stone Soup version 0.27-a0-1557-g57f10a385c (webtiles) character file.

Game seed: 7068275142969262413

193 voltaire321 the Insei (level 5, -4/34 HPs)
             Began as an Octopode Transmuter on July 15, 2021.
             Slain by a black bear (6 damage)
             ... on level 4 of the Dungeon.
             The game lasted 00:07:11 (4243 turns).

voltaire321 the Insei (Octopode Transmuter)         Turns: 4243, Time: 00:07:12

Health: -4/34      AC:  1    Str:  9    XL:     5   Next: 72%
Magic:  8/9        EV: 13    Int: 15    God:
Gold:   161        SH:  0    Dex: 14    Spells: 3/9 levels left

rFire    . . .     SeeInvis .   d - +0 dagger (speed)
rCold    . . .     Faith    .   (no shield)
rNeg     . . .     Spirit   .   (helmet currently unavailable)
rPois    .         Reflect  .   (no amulet)
rElec    .         Harm     .   (no ring)
rCorr    .         Rampage  .   (no ring)
Will     .....                  (no ring)
Stlth    ++........             (no ring)
HPRegen  0.11/turn              (no ring)
MPRegen  0.11/turn              (no ring)
                                (no ring)
                                (no ring)

@: appendages
A: tentacle spike 3, almost no armour, amphibious, 8 rings, camouflage 1,
gelatinous body 1, (nimble swimmer 1), tentacles
a: End Transformation


You were on level 4 of the Dungeon.
One of your tentacles had grown a beastly spike.
You visited 1 branch of the dungeon, and saw 4 of its levels.

You collected 161 gold pieces.

Inventory:

Hand Weapons
 d - a +0 dagger of speed (weapon)
Missiles
 f - 2 poisoned darts (quivered)
 g - 4 atropa-tipped darts
Armour
 i - a +0 kite shield
Jewellery
 m - an amulet of guardian spirit
Scrolls
 h - a scroll of magic mapping {unknown}
Potions
 a - a potion of ambrosia {unknown}
 b - 2 potions of lignification {unknown}
 c - a potion of invisibility {unknown}
 e - a potion of magic {unknown}
 j - a potion of berserk rage {unknown}
 l - 2 potions of flight {unknown}


   Skills:
 + Level 2.1 Fighting
 + Level 2.8 Dodging
 + Level 1.5 Shields
 + Level 3.6 Unarmed Combat
 + Level 2.7 Spellcasting
 + Level 2.8 Transmutations
 + Level 1.9 Poison Magic


You had 3 spell levels left.
You knew the following spells:

 Your Spells              Type           Power      Damage    Failure   Level
a - Beastly Appendage     Tmut           20%        N/A       6%          1
b - Wereblood             Tmut           10%        N/A       10%         2
c - Spider Form           Tmut/Pois      4%         N/A       24%         3

Your spell library contained the following spells:

 Spells                   Type           Power      Damage    Failure   Level
 Ice Form                 Ice/Tmut       6%         N/A       75%         4


Dungeon Overview and Level Annotations

Branches:
Dungeon (4/15)
 Temple: D:4-7

Altars:
Cheibriados
Nemelex Xobeh
Ru
Zin


Innate Abilities, Weirdness & Mutations

One of your tentacles has grown a beastly spike.
You cannot wear most types of armour.
You are amphibious.
You can wear up to eight rings at the same time.
Your skin changes colour to match your surroundings (Stealth+).
Your rubbery body absorbs attacks. (AC +1, EV +1)
((You are camouflaged near water. (Stealth+)))
You have tentacles for arms and can constrict up to eight enemies at once.


Message History

Confirm with . or Enter, or press ? or * to list all spells.
One of your tentacles grows a vicious spike.
The black bear closely misses you. The black bear claws you. x2
You hit the black bear. Your grab misses the black bear.
The black bear is lightly wounded.
The black bear misses you. The black bear closely misses you.
The black bear claws you.
You hit the black bear. You grab the black bear.
The black bear is lightly wounded.
You constrict the black bear, but do no damage.
You hit the black bear.
You pierce the black bear, but do no damage.
The black bear is moderately wounded.
You constrict the black bear. The black bear closely misses you. x2
The black bear completely misses you.
You hit the black bear but do no damage.
You pierce the black bear.
The black bear is heavily wounded.
You constrict the black bear.
The black bear looks more healthy.
The black bear bites you. The black bear claws you.
The black bear closely misses you.
You hit the black bear.
The black bear is severely wounded.
You constrict the black bear. You hit the black bear.
The black bear is almost dead.
You constrict the black bear.
The black bear goes berserk!
You hit the black bear but do no damage.
You squeeze the black bear, but do no damage.
The black bear is almost dead.
You constrict the black bear. The black bear completely misses you.
The black bear claws you! The black bear barely misses you.
You hit the black bear.
The black bear is almost dead.
You constrict the black bear. The black bear bites you!
* * * LOW HITPOINT WARNING * * *
The black bear claws you.
* * * LOW HITPOINT WARNING * * *
The black bear claws you.
You die...

(## (.# (.# (.# (.##
(.####### ##h.......
#.@# ##..# #..##
##...#####
#........####
##.#...†.....###
#..............####
##.#...............###
#..#.................#


You could see a black bear (berserk).

Vanquished Creatures
  A centaur (D:4)
  A jelly (D:4)
  5 adders
  A worm (D:3)
  A dart slug (D:4)
  A ball python (D:1)
  5 endoplasms
  A giant cockroach (D:4)
  4 goblins
  4 hobgoblins
  2 jackals (D:2)
  2 quokkas
  2 bats (D:1)
  2 frilled lizards
  2 kobolds (D:2)
  2 rats
36 creatures vanquished.

Notes
Turn   | Place    | Note
-------+----------+-------------------------------------------
     0 | D:1      | voltaire321 the Octopode Transmuter began the quest for the
                  | Orb.
     0 | D:1      | Reached XP level 1. HP: 13/13 MP: 3/3
   362 | D:1      | You fall into a shaft and drop 1 floor!
   362 | D:2      | Found a sacrificial altar of Ru.
   424 | D:2      | Reached XP level 2. HP: 5/18 MP: 5/5
   906 | D:2      | Found a faded altar of an unknown god.
  1156 | D:1      | Learned a level 2 spell: Wereblood
  1640 | D:2      | Reached XP level 3. HP: 23/23 MP: 4/6
  1644 | D:2      | Learned a level 3 spell: Spider Form
  2661 | D:3      | Found a sparkling altar of Nemelex Xobeh.
  3223 | D:4      | Noticed a torpor snail
  3225 | D:4      | Found a snail-covered altar of Cheibriados.
  3225 | D:4      | Noticed a torpor snail
  3228 | D:4      | Noticed a torpor snail
  3234 | D:4      | Reached skill level 1 in Poison Magic
  3342 | D:4      | Found a glowing silver altar of Zin.
  3348 | D:4      | Reached XP level 4. HP: 25/28 MP: 4/7
  3593 | D:4      | Noticed a centaur
  3615 | D:4      | Killed a centaur
  3616 | D:4      | Reached skill level 1 in Shields
  3616 | D:4      | Reached XP level 5. HP: 21/34 MP: 8/8
  4228 | D:4      | Noticed a black bear
  4243 | D:4      | Slain by a black bear

Illustrated notes

Levels and vault maps discovered:
D:1:      scummos_arrival_hexagon, layout_basic, chequers_jeans,
          amcnicky_mini_rare_corridor_liquid
D:2:      layout_basic, hellmonk_ecumenical_altar_lost_god, basic_altar,
          grunt_decor_mini_mirrors
D:3:      layout_loops_cross, nemelex_diamond_rough_becter,
          kennysheep_nondescript, chequers_garden
D:4:      kennysheep_the_goblin_king, layout_cave_pods,
          mainiacjoe_overflow_six_doors_small, cheibriados_altar_2,
          minmay_tree_intersection

Skill      XL: |  1  2  3  4 |
---------------+-------------+-----
Poison Magic   | 1 |  1.9
Fighting       | 2 |  2.1
Shields        | 1 |  1.5
Dodging        | |  2.8
Unarmed Combat | |  3.6
Spellcasting   | |  2.7
Transmutations | |  2.8

Action                   |  1- 3 |  4- 6 || total
-------------------------+-------+-------++-------
Melee: Dagger            |    99 |    48 ||   147
       Kick              |    26 |    14 ||    40
       Constrict         |    22 |     4 ||    26
       Punch             |     3 |       ||     3
       Unarmed           |     2 |       ||     2
       Tentacles         |    11 |     6 ||    17
Throw: Dart              |       |    12 ||    12
 Cast: Beastly Appendage |    24 |     5 ||    29
  Use: Scroll            |     5 |       ||     5
       Potion            |       |     4 ||     4
 Stab: Sleeping          |     5 |       ||     5
Armor: Skin              |     6 |     5 ||    11
Dodge: Dodged            |    48 |    56 ||   104

Table legend: (Time is in decaauts)
 A = Elapsed time spent in this place.
 B = Non-inter-level travel time spent in this place.
 C = Inter-level travel time spent in this place.
 D = Time resting spent in this place.
 E = Time spent auto-exploring this place.
 F = Levels seen in this place.
 G = Mean time per level.
                   A        B        C        D        E       F      G
               +--------+--------+--------+--------+--------+-----+--------+
         Total |   4195 |   3998 |    197 |   1488 |   2016 |   4 | 1048.8 |
       Dungeon |   4195 |   3998 |    197 |   1488 |   2016 |   4 | 1048.8 |
               +--------+--------+--------+--------+--------+-----+--------+

Top non-repeatable levels by time:
     D:3: 1240 daAuts
     D:2: 1105 daAuts
     D:4: 950 daAuts
     D:1: 898 daAuts
